 Dungeon Crawl Stone Soup version 0.31.0-32-g396128a36d (webtiles) character file.

Game seed: 3061477295437464231

81 PaiMei the Grave Robber (level 4, -8/30 HPs)
             Began as a Demonspawn Necromancer on Apr 2, 2024.
             Mangled by Terence
             ... wielding a +6 mace of holy wrath
              (9 damage)
             ... on level 3 of the Dungeon.
             The game lasted 00:03:10 (1680 turns).

PaiMei the Grave Robber (Demonspawn Necromancer)    Turns: 1680, Time: 00:03:11

Health: -8/30      AC:  3    Str:  8    XL:     4   Next: 20%
Magic:  1/8        EV: 12    Int: 17    God:
Gold:   109        SH:  4    Dex: 14    Spells: 7/8 levels left

rFire   . . .        d - +0 trident
rCold   . . .        (no shield)
rNeg    . . .        a - +0 robe
rPois   .            (helmet restricted)
rElec   .            (no cloak)
rCorr   .            (no gloves)
SInv    +            (no boots)
Will    .....        (no amulet)
Stlth   ++           c - ring of see invisible
HPRegen 0.25/turn    (no ring)
MPRegen 0.11/turn

%: no passive effects
@: no status effects
A: horns 1, rugged brown scales 1, condensation shield
a: no special abilities


You were on level 3 of the Dungeon.
You visited 1 branch of the dungeon, and saw 3 of its levels.

You collected 109 gold pieces.

Inventory:

Hand Weapons
 d - a +0 trident (weapon)
Armour
 a - a +0 robe (worn)
Jewellery
 c - a ring of see invisible (left hand)
 h - an amulet of faith
Scrolls
 e - 2 scrolls of fog {unknown}
 f - a scroll of blinking {unknown}
 g - a scroll of enchant weapon {unknown}
 i - 3 scrolls of teleportation {unknown}
 j - a scroll of poison {unknown}
Potions
 b - 2 potions of magic
 k - a potion of mutation {unknown}


   Skills:
 + Level 2.5 Dodging
 + Level 2.6 Stealth
 + Level 2.6 Spellcasting
 + Level 4.9 Necromancy


You had 7 spell levels left.
You knew the following spells:

 Your Spells              Type           Power      Damage    Failure   Level
a - Necrotise             Necr           76%        1d7       2%          1

Your spell library contained the following spells:

 Spells                   Type           Power      Damage    Failure   Level
 Vampiric Draining        Necr           19%        2d7       7%          3
 Animate Dead             Necr           19%        N/A       24%         4
 Curse of Agony           Necr           19%        N/A       54%         5


Dungeon Overview and Level Annotations

Branches:
Dungeon (3/15)

Altars:
Xom

Annotations:
D:3 Terence


Innate Abilities, Weirdness & Mutations

You have a pair of small horns on your head.
You are partially covered in rugged brown scales. (AC +1, +3% HP)
A meltable shield of frost defends you. (SH +4)


Message History

Aiming: Necrotise (safe; 2% risk of failure)
Press: ? - help, Shift-Dir - straight line, f/p - Terence
Aim: Terence, wielding a +6 mace of holy wrath and wearing a +0 scale mail (severely wounded, chance to affect: 84%) Terence writhes in agony.
Terence hits you with a +6 mace of holy wrath.
You convulse.
Casting: Necrotise (safe; 2% risk of failure)
Confirm with . or Enter, or press ? or * to list all spells.
Aiming: Necrotise (safe; 2% risk of failure)
Press: ? - help, Shift-Dir - straight line, f/p - Terence
Aim: Terence, wielding a +6 mace of holy wrath and wearing a +0 scale mail (almost dead, chance to affect: 84%) Terence barely resists.
You hear the slow rusting of a very distant drain.
Terence looks scornfully at you.
Terence hits you with a +6 mace of holy wrath!
You convulse.
* * * LOW HITPOINT WARNING * * *
Casting: Necrotise (safe; 2% risk of failure)
Confirm with . or Enter, or press ? or * to list all spells.
Aiming: Necrotise (safe; 2% risk of failure)
Press: ? - help, Shift-Dir - straight line, f/p - Terence
Aim: Terence, wielding a +6 mace of holy wrath and wearing a +0 scale mail (almost dead, chance to affect: 84%) Terence writhes in agony.
Terence closely misses you.
Casting: Necrotise (safe; 2% risk of failure)
Confirm with . or Enter, or press ? or * to list all spells.
You don't have enough magic to cast this spell.
Casting: Necrotise (safe; 2% risk of failure)
Confirm with . or Enter, or press ? or * to list all spells.
You don't have enough magic to cast this spell.
You hit Terence but do no damage. You headbutt Terence, but do no damage.
Terence is almost dead.
Terence hits you with a +6 mace of holy wrath.
* * * LOW HITPOINT WARNING * * *
You convulse.
* * * LOW HITPOINT WARNING * * *
You barely miss Terence.
Terence is almost dead.
Terence hits you with a +6 mace of holy wrath!
You die...
Terence says, "Rest in peace."

#.#+###+#..#
#.#........#
#..#.......# .#
####..).####.#
.!##......## #.#
..#..##.#.<####.#####
o.#.###.##..##......##
..#.#
#.###..........##
..#.###+#
##....@.....# ......#
#....@.....# ....###
##.........# .....#
+.........# .#)###
#.........# ....+
#........## .o..###
.......... ......#
#..........# o.....#


You could see Terence.

Vanquished Creatures
  3 adders
  A ribbon worm (D:2)
  A dart slug (D:1)
  2 orcs (D:3)
  6 endoplasms
  3 hobgoblins
  3 jackals (D:2)
  2 quokkas
  3 ball pythons
  2 bats
  A frilled lizard (D:1)
  2 goblins (D:1)
  4 kobolds
  3 rats
36 creatures vanquished.

Vanquished Creatures (collateral kills)
  An adder (D:2)
  A jackal (D:2)
2 creatures vanquished.

Grand Total: 38 creatures vanquished

Notes
Turn   | Place    | Note
-------+----------+-------------------------------------------
     0 | D:1      | PaiMei the Demonspawn Necromancer began the quest for the
                  | Orb.
     0 | D:1      | Reached XP level 1. HP: 13/13 MP: 3/3
    10 | D:1      | Found a faded altar of an unknown god.
    11 | D:1      | Noticed a golden eye
    13 | D:1      | Noticed a shining eye
    13 | D:1      | Noticed a golden eye
    13 | D:1      | Noticed a great orb of eyes
   318 | D:1      | Gained mutation: A meltable shield of frost defends you.
                  | (SH +4) [demonic ancestry]
   318 | D:1      | Reached XP level 2. HP: 15/19 MP: 1/5
   690 | D:2      | Gained mutation: You are partially covered in rugged brown
                  | scales. (AC +1, +3% HP) [demonic ancestry]
   690 | D:2      | Reached XP level 3. HP: 18/24 MP: 0/6
  1032 | D:2      | Found a shimmering altar of Xom.
  1348 | D:2      | Gained mutation: You have a pair of small horns on your
                  | head. [demonic ancestry]
  1348 | D:2      | Reached XP level 4. HP: 30/30 MP: 3/7
  1438 | D:3      | Noticed Terence
  1679 | D:3      | HP: 1/30 [Terence/+6 mace of holy wrath (4)]
  1680 | D:3      | Mangled by Terence

Illustrated notes

Levels and vault maps discovered:
D:1:      lightli_arrival_boilingwater, layout_basic,
          hellmonk_ecumenical_altar_watching_god
D:2:      layout_basic, basic_altar
D:3:      layout_rooms, mainiacjoe_overflow_six_doors_small, serial_shops,
          nicolae_shop_rolling_square,
          mainiacjoe_sewer_entry_somewhere_in_here_1,
          nicolae_twisty_statue_hallways, uniq_sigmund, uniq_terence

Skill      XL: |  1 |
---------------+----+-----
Stealth        | 2 |  2.6
Dodging        | 2 |  2.5
Spellcasting   | |  2.6
Necromancy     | |  4.9

Action                     |  1- 3 |  4- 6 || total
---------------------------+-------+-------++-------
  Melee: Trident           |    23 |     2 ||    25
         Unarmed           |     2 |       ||     2
         Headbutt          |       |     1 ||     1
   Cast: Necrotise         |    68 |    17 ||    85
 Armour: Robe              |    28 |     7 ||    35
  Dodge: Dodged            |    28 |     1 ||    29
  Block: Other             |     5 |     1 ||     6
